 Dungeon Crawl Stone Soup version 0.21-a0-531-gacddea6 (webtiles) character file.

20 Amnesiac the Vexing (level 2, -1/16 HPs)
             Began as a Deep Elf Arcane Marksman on Dec 12, 2017.
             Hit by a stone thrown by a kobold (3 damage)
             ... on level 1 of the Dungeon.
             The game lasted 00:01:12 (653 turns).

Amnesiac the Vexing (Deep Elf Arcane Marksman)       Turns: 653, Time: 00:01:12

Health: -1/16      AC:  2    Str:  7    XL:     2   Next: 58%
Magic:  1/6        EV: 13    Int: 17    God:
Gold:   24         SH:  0    Dex: 15    Spells: 1/4 levels left

rFire    . . .     SeeInvis .   a - +0 shortbow
rCold    . . .     Gourm    .   (shield currently unavailable)
rNeg     . . .     Faith    .   e - +0 robe
rPois    .         Spirit   .   (no helmet)
rElec    .         Reflect  .   (no cloak)
rCorr    .         Harm     .   (no gloves)
MR       .....                  (no boots)
Stlth    +.........             (no amulet)
HPRegen  0.05/turn              (no ring)
MPRegen  0.10/turn              (no ring)

@: no status effects
A: no striking features
a: no special abilities


You were on level 1 of the Dungeon.
You were not hungry.

You visited 1 branch of the dungeon, and saw 1 of its levels.

You collected 24 gold pieces.

Inventory:

Hand Weapons
 a - a +0 shortbow (weapon)
 b - a +0 short sword
Missiles
 d - 18 arrows (quivered)
 j - 8 curare-tipped needles
Armour
 e - a +0 robe (worn)
Scrolls
 i - a scroll of identify {!r, unknown}
Potions
 g - a potion of magic {!q, unknown}
Books
 c - a book of Debilitation

   Spells                             Type                      Level
   a - Corona                         Hexes                        1
   b - Slow                           Hexes                        2
   c - Inner Flame                    Hexes/Fire                   3
   d - Portal Projectile              Hexes/Translocation          3
   e - Cause Fear                     Hexes                        4
   f - Leda's Liquefaction            Hexes/Earth                  4
Comestibles
 f - a bread ration


   Skills:
 - Level 1.0 Fighting
 * Level 3.1 Bows
 + Level 2.9 Dodging
 - Level 1.5 Spellcasting
 - Level 4.0 Hexes


You had one spell level left.
You knew the following spells:

 Your Spells              Type           Power        Failure   Level  Hunger
a - Corona                Hex            ##.....      3%          1    ##.....
e - Slow                  Hex            ##......     6%          2    ###....


Dungeon Overview and Level Annotations

Branches:
Dungeon (1/15)

Altars:


Message History

You start resting.
HP restored.
There is an open door here.
You see here a club.
A ball python comes into view.
A ball python is nearby!
Found 7 gold pieces.
A kobold comes into view. It is wielding a short sword.
Found a scroll labeled SOKLU MIQU.
Found 13 gold pieces.
The kobold shouts!
The ball python hisses angrily.
The ball python bites you. The ball python barely misses you.
The ball python barely misses you. x2
The ball python bites you. The ball python grabs you.
The ball python constricts you.
Casting: Slow
Confirm with . or Enter, or press ? or * to list all spells.
Aiming: Slow
Press: ? - help, Shift-Dir - straight line, f - ball python
Aim: a ball python (constricting you, chance to defeat MR: 68%)
The ball python seems to slow down.
Casting: Slow
Confirm with . or Enter, or press ? or * to list all spells.
Aiming: Corona
Press: ? - help, Shift-Dir - straight line, f/p - ball python
Aim: a ball python (constricting you, slow, chance to defeat MR: 68%)
The ball python is outlined in light.
The ball python barely misses you. The ball python constricts you.
You closely miss the ball python.
The ball python bites you but does no damage.
The ball python constricts you.
You hit the ball python.
The ball python is severely wounded.
The ball python bites you but does no damage.
The ball python constricts you.
You hit the ball python.
You kill the ball python!
Casting: Corona
Confirm with . or Enter, or press ? or * to list all spells.
Aiming: Slow
Press: ? - help, Shift-Dir - straight line, f - kobold
Aim: a kobold, wielding a short sword (chance to defeat MR: 68%)
The kobold seems to slow down.
The kobold hits you with a short sword.
Casting: Slow
Confirm with . or Enter, or press ? or * to list all spells.
Aiming: Corona
Press: ? - help, Shift-Dir - straight line, f/p - kobold
Aim: a kobold, wielding a short sword (slow, chance to defeat MR: 68%)
The kobold is outlined in light.
The kobold hits you but does no damage.
You hit the kobold but do no damage. You barely miss the kobold.
The kobold closely misses you.
You hit the kobold but do no damage. The kobold hits you with a short sword.
* * * LOW HITPOINT WARNING * * *
You hit the kobold.
The kobold is severely wounded.
The kobold hits you with a short sword.
* * * LOW HITPOINT WARNING * * *
The kobold throws a stone.
The stone barely misses you.
The kobold throws a stone.
The stone misses you.
The kobold stops glowing.
a - a +0 shortbow (weapon)
The kobold throws a stone.
The stone hits you.
You die...

##.'..⌠8⌠..).## ###..#
#..#.......#..###...##
.#############..#################
##...........###..####...........
#......####### ###...#...........
#......#############.#...........
#.............................?$.
.......###############......$....
#.>...........(.@....K...........
#......##########################
#......# ######### #......#
#.......#### #......#
#........... #......#
##########.......#### #......#
#...............##### #####÷##
#.)..................
#.#######.........†......####


You could see a kobold.

Vanquished Creatures
  An ooze (D:1)
  A dart slug (D:1)
  A ball python (D:1)
  A bat (D:1)
  2 goblins (D:1)
  4 hobgoblins (D:1)
  A frilled lizard (D:1)
  A rat (D:1)
12 creatures vanquished.

Notes
Turn   | Place    | Note
-------+----------+-------------------------------------------
     0 | D:1      | Amnesiac the Deep Elf Arcane Marksman began the quest for the Orb.
     0 | D:1      | Reached XP level 1. HP: 11/11 MP: 5/5
   113 | D:1      | Reached skill level 1 in Fighting
   156 | D:1      | Reached XP level 2. HP: 16/16 MP: 4/6
   182 | D:1      | Learned a level 2 spell: Slow
   653 | D:1      | Hit by a stone thrown by a kobold

Vault maps used:
D:1:      mushboom_english_gardens, grunt_decor_clamped

Skill      XL: |  1  2 |
---------------+-------+-----
Fighting       | 1 |  1.0
Bows           | 3 |  3.1
Dodging        | |  2.9
Spellcasting   | |  1.5
Hexes          | |  4.0

Action                   || total
-------------------------++-------
Melee: Short sword       ||    27
 Fire: Shortbow          ||    15
 Cast: Corona            ||    12
       Slow              ||     6
Armor: Robe              ||     3
Dodge: Dodged            ||    16

Table legend:
 A = Spawn XP
 B = Non-spawn XP
 C = Spawn XP percentage of total XP
 D = Spawn monster count
 E = Non-spawn monster count
 F = Spawn count percentage of total count
 G = Total turns spent on level
                    A         B        C        D         E        F      G
               +---------+---------+-------+---------+---------+-------+---------
         Total |       0 |      29 |   0.0 |       0 |      12 |   0.0 |   653
               +---------+---------+-------+---------+---------+-------+---------
           D:1 |       0 |      29 |   0.0 |       0 |      12 |   0.0 |   653
               +---------+---------+-------+---------+---------+-------+---------
